Map: Pride of Altaris LE

Players

ftwoamove

  • Race: Terran Terran
  • League: Platinum
  • Spawn Location: 5:00

Gee - Winner!

  • Race: Zerg Zerg
  • League: Platinum
  • Spawn Location: 11:00

VOD

Have the link to the VOD?

Description

Time

  • Played on: May 23, 2022, 3:44 p.m.
  • Length: 9:51
Show
View Real Time Build Order
Export as new Build Order

ftwoamove Terran 

Build Orders:  

Get SALT Encoding   

  12  0:04  SCV  
  13  0:16  SCV  
  13  0:21  Supply Depot  
  14  0:28  SCV  
  16  0:42  SCV  
  16  0:43  Barracks  
  16  0:54  SCV  
  17  0:57  Refinery  
  17  1:07  SCV  
  18  1:19  SCV  
  19  1:33  Orbital Command  
  19  1:34  Marine  
  19  1:39  Command Center  
  20  1:50  Supply Depot  
  20  1:57  Marine  
  21  2:02  SCV  
  21  2:08  Factory  
  22  2:14  SCV  
  23  2:20  Marine  
  24  2:26  SCV  
  24  2:38  SCV, Marine  
  24  2:41  Refinery  
  26  2:50  SCV  
  27  2:53  Factory Tech Lab  
  27  2:57  Orbital Command  
  27  2:58  Marine  
  27  3:02  SCV  
  28  3:08  Barracks  
  28  3:14  SCV  
  28  3:16  Siege Tank  
  28  3:18  Barracks Reactor  
  32  3:26  SCV  
  33  3:27  SCV  
  34  3:38  SCV  
  34  3:40  SCV  
  36  3:41  Barracks  
  36  3:50  SCV  
  36  3:52  SCV  
  36  3:55  Supply Depot  
  38  4:00  Marine  
  38  4:02  Supply Depot  
  39  4:03  Supply Depot, SCV  
  39  4:04  SCV  
  41  4:15  SCV  
  41  4:16  SCV, Marine  
  44  4:20  Siege Tank  
  47  4:24  Barracks Tech Lab  
  47  4:28  SCV  
  47  4:29  SCV  
  47  4:31  Starport  
  49  4:36  Barracks Reactor  
  49  4:43  SCV x2  
  49  4:44  Marine x2  
  53  4:51  Marauder  
  55  4:55  SCV x2  
  55  4:59  Refinery  
  57  5:00  Refinery  
  57  5:05  Supply Depot  
  57  5:07  Supply Depot, SCV x2, Marine x2  
  63  5:14  Starport Reactor  
  63  5:20  SCV x2  
  63  5:21  Engineering Bay x2  
  63  5:23  Marine x2  
  63  5:25  Marine  
  66  5:32  Supply Depot, SCV x2  
  68  5:41  Supply Depot  
  68  5:44  SCV x2, Marine x3  
  68  5:45  Marauder, Marine  
  76  5:57  Stimpack  
  76  6:00  Terran Infantry Weapons Level 1, Terran Infantry Armor Level 1  
  76  6:01  SCV x2  
  78  6:10  Command Center, Marine  
  79  6:11  Marine  
  79  6:13  SCV x2  
  82  6:18  Medivac x2  
  82  6:25  Supply Depot, SCV x2  
  88  6:29  Marine x2  
  88  6:31  Supply Depot  
  88  6:32  Marauder  
  92  6:37  SCV x2  
  94  6:44  Marine x2  
  94  6:46  Marine  
  96  6:48  Medivac  
  96  6:49  SCV x2  
  96  6:50  Armory  
  96  6:54  Marauder  
  95  7:04  Marine x4  
  92  7:15  Marauder  
  93  7:21  Marine x3  
  93  7:22  Marine  
  74  7:30  Missile Turret  
  74  7:36  Marine  
  72  7:39  Marine x3  
  72  7:40  Marine  
  71  7:52  SCV x2  
  71  7:53  Missile Turret  
  71  7:54  Marine  
  71  7:57  Marine x3  
  71  7:58  Marine  
  78  8:04  SCV x2  
  80  8:12  Marine  
  81  8:15  Marine x2  
  81  8:16  SCV x2  
  84  8:29  SCV x2  
  84  8:30  Marine x3  
  84  8:33  Marine  
  83  8:36  Missile Turret  
  83  8:38  Missile Turret x2  
  83  8:41  SCV x2, Marine  
  85  8:48  Missile Turret, Marine x3  
  86  8:50  Marine  
  86  8:53  SCV x2  
  92  8:59  Marine  
  93  9:05  SCV x2  
  93  9:06  Marine x3  
  76  9:17  SCV x2  
Show
View Real Time Build Order
Export as new Build Order

Gee Zerg - Winner!

Build Orders: Hatch First 

Get SALT Encoding   

  12  0:00  Drone  
  13  0:12  Overlord  
  13  0:18  Drone  
  14  0:34  Drone x2  
  16  0:41  Drone  
  17  0:53  Drone  
  18  1:00  Hatchery  
  17  1:10  Spawning Pool  
  16  1:13  Extractor, Drone  
  16  1:28  Drone x2  
  16  1:29  Drone  
  19  1:39  Overlord  
  19  1:58  Queen  
  19  1:59  Zergling x2  
  22  2:11  Queen  
  22  2:12  Drone  
  22  2:13  Drone  
  22  2:14  Drone  
  27  2:23  Drone x2  
  29  2:31  Extractor  
  28  2:37  Drone x2  
  30  2:47  Metabolic Boost  
  30  2:52  Drone x2  
  32  3:03  Overlord  
  32  3:04  Drone  
  33  3:09  Drone x3  
  36  3:21  Queen  
  36  3:22  Overlord  
  36  3:23  Drone x3  
  36  3:24  Lair  
  41  3:41  Drone x3  
  44  3:50  Drone x3  
  44  3:51  Drone x2  
  49  3:56  Drone x3  
  52  4:02  Extractor  
  52  4:04  Drone  
  52  4:05  Overlord  
  52  4:16  Overlord  
  52  4:25  Drone x3  
  52  4:29  Hatchery  
  52  4:30  Drone, Overlord x2  
  55  4:31  Extractor  
  54  4:38  Drone  
  54  4:39  Drone x2  
  57  4:46  Spire  
  56  4:53  Overlord  
  56  4:54  Drone x2  
  56  4:55  Drone x2  
  60  5:04  Zergling x6  
  63  5:09  Spore Crawler  
  63  5:10  Spore Crawler  
  63  5:11  Queen  
  63  5:17  Queen  
  63  5:21  Overlord  
  65  5:24  Zergling x4  
  65  5:25  Zergling x4  
  69  5:32  Drone  
  70  5:38  Spore Crawler  
  70  5:40  Overlord  
  69  5:52  Spore Crawler  
  69  5:54  Spore Crawler  
  69  5:55  Spore Crawler  
  69  5:56  Zergling x4  
  68  5:57  Mutalisk x6  
  68  6:03  Mutalisk x4  
  88  6:12  Baneling Nest  
  88  6:15  Overseer  
  88  6:17  Infestation Pit  
  86  6:22  Drone x2, Queen  
  86  6:23  Drone x3  
  93  6:33  Mutalisk  
  93  6:34  Zergling x4  
  93  6:35  Drone x2  
  99  6:40  Overseer  
  98  7:10  Zergling x6  
  94  7:24  Mutalisk x4  
  94  7:25  Mutalisk x3  
  107  7:34  Zergling x8  
  107  7:35  Zergling x6  
  112  7:47  Zergling x2  
  112  7:48  Zergling x2  
  113  7:51  Centrifugal Hooks  
  113  8:04  Overlord x3  
  113  8:07  Evolution Chamber  
  113  8:08  Evolution Chamber  
  110  8:16  Zergling x4  
  108  8:21  Hatchery  
  101  8:34  Baneling  
  101  8:35  Baneling x14  
  101  8:36  Zergling x12  
  101  8:37  Extractor, Zergling x2  
  101  8:38  Extractor  
  106  8:43  Drone  
  106  8:47  Drone  
  108  8:59  Zergling x4  
  110  9:16  Hatchery  
  99  9:18  Zergling x6  
  99  9:19  Zergling x2  
  100  9:30  Zergling x4  
Tags
 
Add a new tag
Caveats
  • Supply blocks, unpowered buildings, or Contaminate may cause inaccurate times.
  • Supply counts are checked every 10 seconds.